[ AOE2 MATCH · #506894133 ]
UnrankedTupi vs Romans
Player's team · WIN
Rival team · LOSS
[ REPLAY ANALYSIS · EXTRACTED FROM THE RECORDED GAME ]
Feudal
—
Castle
—
Imperial
—
| APM avg | 62.8 |
| APM peak | 81 |
| eAPM avg | 26.7 |
| Villagers / military | 26 / 0 |
Focus
⚔️ 39.5% · 🌾 60.5%
Unknown (2550) ×4
Feudal
—
Castle
—
Imperial
—
| APM avg | 54.1 |
| APM peak | 67 |
| eAPM avg | 13.1 |
| Villagers / military | 19 / 0 |
Focus
⚔️ 16.3% · 🌾 83.7%
Match map
Initial resources + every placement click. Lines = walls · curves = elevation contours. ◆ gold · ⬟ stone · ● berries · ✦ relic · ◌ wall gap
Your base
SaintedByArmor's base
Smoothed initial terrain · ◌ = detected wall gap · hover for details
Inputs per minute
— Lina - - SaintedByArmor
Build order — Lina
37 actions detected in the replay
| 0:01 | Queue | Villager (Male) |
| 0:01 | Queue | Villager (Male) |
| 0:02 | Build | House |
| 0:04 | Build | Barracks |
| 0:06 | Queue | Villager (Male) |
| 0:11 | Queue | Villager (Male) |
| 1:09 | Queue | Villager (Male) |
| 1:41 | Queue | Villager (Male) |
| 1:57 | Queue | Unit 2550 |
| 2:24 | Queue | Villager (Male) |
| 2:49 | Queue | Villager (Male) |
| 2:49 | Queue | Villager (Male) |
| 3:06 | Build | House |
| 3:12 | Queue | Unit 2550 |
| 3:12 | Queue | Unit 2550 |
| 3:21 | Queue | Villager (Male) |
| 3:25 | Research | Loom |
| 3:29 | Queue | Villager (Male) |
| 3:54 | Queue | Villager (Male) |
| 4:20 | Queue | Unit 2550 |
| 4:24 | Queue | Villager (Male) |
| 4:26 | Build | House |
| 4:28 | Queue | Villager (Male) |
| 4:31 | Queue | Villager (Male) |
| 4:45 | Queue | Villager (Male) |
| 5:23 | Queue | Villager (Male) |
| 5:32 | Queue | Villager (Male) |
| 6:08 | Queue | Villager (Male) |
| 6:17 | Queue | Villager (Male) |
| 6:21 | Build | Settlement |
| 6:36 | Queue | Villager (Male) |
| 6:41 | Build | Outpost |
| 6:47 | Queue | Villager (Male) |
| 6:58 | Queue | Villager (Male) |
| 7:11 | Queue | Villager (Male) |
| 7:22 | Queue | Villager (Male) |
| 7:52 | Queue | Villager (Male) |
Build order — SaintedByArmor
32 actions detected in the replay
| 0:00 | Queue | Villager (Male) |
| 0:00 | Queue | Villager (Male) |
| 0:01 | Queue | Villager (Male) |
| 0:02 | Build | House |
| 0:03 | Build | House |
| 0:22 | Queue | Villager (Male) |
| 1:24 | Queue | Villager (Male) |
| 2:00 | Queue | Villager (Male) |
| 2:09 | Build | Lumber Camp |
| 2:20 | Queue | Villager (Male) |
| 2:49 | Queue | Villager (Male) |
| 2:49 | Queue | Villager (Male) |
| 3:39 | Queue | Villager (Male) |
| 3:39 | Queue | Villager (Male) |
| 4:21 | Build | Mill |
| 4:26 | Queue | Villager (Male) |
| 4:27 | Queue | Villager (Male) |
| 4:34 | Queue | Villager (Male) |
| 4:35 | Queue | Villager (Male) |
| 5:06 | Queue | Villager (Male) |
| 5:25 | Queue | Villager (Male) |
| 6:01 | Build | House |
| 6:05 | Build | Palisade Wall |
| 6:06 | Build | Palisade Wall |
| 6:07 | Build | Palisade Wall |
| 6:11 | Build | Palisade Wall |
| 6:18 | Queue | Villager (Male) |
| 6:35 | Build | House |
| 6:38 | Build | House |
| 7:02 | Queue | Villager (Male) |
| 7:10 | Research | Feudal Age |
| 7:24 | Build | House |
Match timeline
| 0:04 | Lina · first_building Barracks |
| 6:05 | SaintedByArmor · wall_segment Palisade Wall x1 |
| 6:06 | SaintedByArmor · wall_segment Palisade Wall x1 |
| 6:07 | SaintedByArmor · wall_segment Palisade Wall x1 |
| 6:11 | SaintedByArmor · wall_segment Palisade Wall x1 |
| 8:00 | SaintedByArmor · resign |
[ AI ANALYSIS · 1 CREDIT ]
What really happened in this match?
Wolo.gg analyzes every decision: build order, eco, micro, common mistakes by bracket. Personalized analysis on WhatsApp or Discord in 30 seconds.
Civ guide
Tupi
Perfil
Jugador #299269